 Dungeon Crawl Stone Soup version 0.29.1-12-g30fa7ad0bf (webtiles) character file.

Game seed: 7881684439265052678

16 FexLirch the Insei (level 3, -6/28 HPs)
             Began as a Meteoran Transmuter on Dec 13, 2022.
             Mangled by a gnoll
             ... wielding a +0 spear
              (7 damage)
             ... on level 2 of the Dungeon.
             The game lasted 00:02:30 (347 turns).

FexLirch the Insei (Meteoran Transmuter)             Turns: 347, Time: 00:02:30

Health: -6/28      AC:  2    Str: 13    XL:     3   Next: 0%
Magic:  5/8        EV: 12    Int: 15    God:
Gold:   20         SH:  0    Dex: 14    Spells: 4/7 levels left

rFire   . . .      SeeInvis .     - Unarmed
rCold   . . .      Faith    .   (no shield)
rNeg    . . .      Spirit   .   a - +0 robe
rPois   .          Reflect  .   (helmet currently unavailable)
rElec   .          Harm     .   (no cloak)
rCorr   .          Rampage  .   (no gloves)
Will    .....                   (boots currently unavailable)
Stlth   +.........              h - amulet of the acrobat
HPRegen 0.09/turn               (no ring)
MPRegen 0.11/turn               (no ring)

@: appendages, very slightly contaminated, glowing
A: horns 2, talons 2, sense surroundings 1, otherworldly, glowing, explore regen
a: End Transformation


You were on level 2 of the Dungeon.
You had temporarily grown beastly horns and talons.
You visited 1 branch of the dungeon, and saw 3 of its levels.

You collected 20 gold pieces.

Inventory:

Armour
 a - a +0 robe (worn)
 f - a +0 pair of boots (melded)
Jewellery
 h - an amulet of the acrobat (around neck)
Scrolls
 c - 3 scrolls of teleportation {unknown}
 g - 2 scrolls of brand weapon
Potions
 b - a potion of lignification
 d - a potion of resistance {unknown}
 e - 2 potions of curing {unknown}


   Skills:
 - Level 1.1 Fighting
 - Level 2.4 Dodging
 + Level 4.2 Unarmed Combat
 - Level 2.6 Spellcasting
 + Level 3.1 Transmutations


You had 4 spell levels left.
You knew the following spells:

 Your Spells              Type           Power      Damage    Failure   Level
a - Beastly Appendage     Tmut           22%        N/A       5%          1
b - Wereblood             Tmut           11%        N/A       9%          2

Your spell library contained the following spells:

 Spells                   Type           Power      Damage    Failure   Level
 Spider Form              Tmut/Pois      6%         N/A       32%         3
 Ice Form                 Ice/Tmut       6%         N/A       71%         4


Dungeon Overview and Level Annotations

Branches:
Dungeon (3/15) Zot: 1454

Altars:


Innate Abilities, Weirdness & Mutations

You have temporarily grown beastly horns and talons.
You passively map a small area around you.
You are easily found by Zot.
You glow in the dark.
You regain HP and MP as you explore.


Message History

Casting: Beastly Appendage (safe; 5% risk of failure)
Confirm with . or Enter, or press ? or * to list all spells.
You miscast Wereblood.
You are very lightly contaminated with residual magic.
Nothing appears to happen.
A gnoll comes into view. It is wielding a +0 club.
The quokka bites you.
Unknown command.
You barely miss the quokka. You claw the quokka, but do no damage.
The quokka bites you.
Unknown command.
Unknown command.
You hit the quokka but do no damage.
The gnoll hits you from afar with a +0 spear.
The quokka bites you.
A gnoll comes into view. It is wielding a +0 spear.
Unknown command.
Unknown command.
You closely miss the quokka. Your kick misses the quokka. The quokka bites you.
The gnoll hits you from afar with a +0 spear!
* * * LOW HITPOINT WARNING * * *
An adder comes into view.
The adder hisses angrily.
The quokka closely misses you.
Unknown command.
Unknown command.
You hit the quokka. You claw the quokka, but do no damage.
The quokka is heavily wounded.
The gnoll hits you from afar with a +0 spear.
* * * LOW HITPOINT WARNING * * *
The quokka bites you.
* * * LOW HITPOINT WARNING * * *
Unknown command.
Unknown command.
Unknown command.
As you read the scroll labelled UZEAGE DOMAFO, it crumbles to dust.
It is a scroll of brand weapon.
You aren't carrying any weapons that can be branded.
The gnoll hits you from afar with a +0 spear!
You die...

#....... ,, *
#...... ###.
#..... ... .....
#.... .... *#..[.
#..S....., , #....
#.. ..g. ...##....
#.# #.###.#.##....
#@##..............
#.rg#..##.........
###.##....# * #
#..#.#.# * ##
##.....# #.
##...## , ###.
#...# ,* #...
#...###.###...
#.............


You could see a gnoll, an adder and a quokka.

Vanquished Creatures
  A dart slug (D:1)
  3 ball pythons
  An endoplasm (D:2)
  2 goblins
  A quokka (D:1)
  3 bats (D:2)
  2 kobolds
  2 rats (D:1)
15 creatures vanquished.

Notes
Turn   | Place    | Note
-------+----------+-------------------------------------------
     0 | D:1      | FexLirch the Meteoran Transmuter began the quest for the
                  | Orb.
     0 | D:1      | Reached XP level 1. HP: 16/16 MP: 5/5
    47 | D:1      | Reached XP level 2. HP: 23/23 MP: 4/6
    95 | D:2      | Learned a level 2 spell: Wereblood
   103 | D:2      | Reached skill level 4 in Unarmed Combat
   225 | D:1      | Reached XP level 3. HP: 28/28 MP: 5/8
   346 | D:2      | HP: 1/28 [quokka (2)]
   347 | D:2      | Mangled by a gnoll

Illustrated notes

Levels and vault maps discovered:
D:1:      dpeg_arrival_simpleton_b, layout_basic
D:2:      layout_rooms, basic_altar, nicolae_figureground_pulse
D:3:      layout_basic, serial_shops, shop, chequers_serial_rivers_small_3

Skill      XL: |  1  2 |
---------------+-------+-----
Unarmed Combat | 4 |  4.2
Transmutations | 3 |  3.1
Fighting       | |  1.1
Dodging        | |  2.4
Spellcasting   | |  2.6

Action                   || total
-------------------------++-------
Melee: Unarmed           ||    39
       Kick              ||    12
       Headbutt          ||     6
 Cast: Beastly Appendage ||    10
       Wereblood         ||     1
  Use: Scroll            ||     1
Armor: Robe              ||    11
Dodge: Dodged            ||    15
